 Dungeon Crawl Stone Soup version 0.17.0-23-g0de4337 (webtiles) character file.

261 JudasIscariot the Sneak (level 6, 0/36 HPs)
             Began as a Kobold Assassin on Nov 14, 2015.
             Slain by a phantom (9 damage)
             ... on level 4 of the Dungeon.
             The game lasted 00:11:39 (3374 turns).

JudasIscariot the Sneak (Kobold Assassin)           Turns: 3374, Time: 00:11:39

Health: 0/36       AC:  4    Str:  9    XL:     6   Next: 42%
Magic:  6/6        EV: 15    Int:  9    God:
Gold:   92         SH:  0    Dex: 20    Spells: 0 memorised, 5 levels left

rFire  . . .     SeeInvis +     a - +2 dagger
rCold  . . .     Clarity  .     v - +0 leather armour
rNeg   . . .     SustAt   .     (shield restricted)
rPois  .         Gourm    .     (no helmet)
rElec  .         Spirit   .     d - +0 cloak
rCorr  .         Warding  .     (no gloves)
rMut   .         Stasis   .     (no boots)
MR     .....                    (no amulet)
Stlth  ++++......               (no ring)
                                y - ring of see invisible

@: not resistant to hostile enchantments, stealthy
A: carnivore 3
a: no special abilities


You were on level 4 of the Dungeon.
You were very full.

You visited 1 branch of the dungeon, and saw 4 of its levels.

You collected 92 gold pieces.

Inventory:

Hand Weapons
 a - a +2 dagger (weapon)
 b - a +0 blowgun
Missiles
 e - 8 poisoned needles
 f - 5 curare-tipped needles
Armour
 c - a +0 robe
 d - a +0 cloak (worn)
 v - a +0 leather armour (worn)
Jewellery
 y - a ring of see invisible (left hand)
Scrolls
 i - 2 scrolls of remove curse {unknown}
 j - 2 scrolls of fog {unknown}
 k - 3 scrolls of immolation {unknown}
 l - a scroll of enchant armour {unknown}
 m - a scroll of enchant weapon {unknown}
 r - 2 scrolls of noise {unknown}
 u - 2 scrolls of teleportation {unknown}
 x - 2 scrolls of identify {unknown}
 B - a scroll of recharging {unknown}
Potions
 h - 3 potions of resistance {unknown}
 n - a potion of lignification {unknown}
 o - a potion of brilliance {unknown}
 q - 3 potions of heal wounds {unknown}
 t - a potion of invisibility {unknown}
 w - a potion of degeneration {unknown}
 z - 2 potions of curing {unknown}
 A - a potion of cure mutation {unknown}
Books
 s - a book of Dreams

   Spells                             Type                      Level
   a - Ensorcelled Hibernation        Hexes/Ice                    2
   b - Phase Shift                    Translocation                5
   c - Shadow Creatures               Summoning                    5
   d - Silence                        Hexes/Air                    5
   e - Darkness                       Hexes                        6
   f - Mass Confusion                 Hexes                        6
Comestibles
 g - a meat ration
 p - a slice of pizza


   Skills:
 * Level 2.8 Fighting
 * Level 3.6 Short Blades
 + Level 3.8 Throwing
 + Level 0.4 Armour
 * Level 2.5 Dodging
 * Level 7.9 Stealth


You had 5 spell levels left.
You didn't know any spells.

Dungeon Overview and Level Annotations

Branches:
Dungeon (4/15)
 Temple: D:4-7

Altars:
Nemelex Xobeh
Vehumet


Innate Abilities, Weirdness & Mutations

You are small and have problems with some larger weapons.
You are carnivorous and can eat meat at any time.


Message History

The phantom closely misses you.
Your leather armour prevents you from hitting the phantom.
The phantom is lightly damaged.
The phantom hits you.
You hit the phantom.
The phantom is lightly damaged.
You completely miss the phantom.
The phantom is lightly damaged.
The phantom closely misses you.
You barely miss the phantom.
The phantom is lightly damaged.
The phantom hits you!
* * * LOW HITPOINT WARNING * * *
The phantom blinks!
The phantom blinks!
There is a stone staircase leading down here.
You see here a scroll labeled CAIDAQ VEGRI.
B - a scroll labeled CAIDAQ VEGRI The phantom hits you!
You die...

#### # ###..### #.
#......## #.
#^..W...#### ####.
#..@.......## #....
#...........####....
#...................
#...................
#...................
#.................[.
####................
#.#..............
#.#.............)


You could see a phantom.

Vanquished Creatures
  A scorpion (D:3)
  An orc wizard (D:4)
  7 adders
  3 gnolls (D:3)
  2 oozes
  4 worms
  3 giant geckos
  7 orcs
  A ball python (D:3)
  2 giant cockroaches
  5 hobgoblins
  5 jackals
  A quokka (D:2)
  8 bats
  A giant newt (D:1)
  5 goblins
  3 kobolds
  5 rats
64 creatures vanquished.

Notes
Turn   | Place    | Note
--------------------------------------------------------------
     0 | D:1      | JudasIscariot the Kobold Assassin began the quest for the Orb.
     0 | D:1      | Reached XP level 1. HP: 12/12 MP: 1/1
   228 | D:1      | Reached XP level 2. HP: 17/17 MP: 2/2
  1069 | D:2      | Reached XP level 3. HP: 17/22 MP: 3/3
  1101 | D:2      | Reached skill level 6 in Stealth
  1319 | D:2      | Reached XP level 4. HP: 27/27 MP: 4/4
  1408 | D:2      | Found a radiant altar of Vehumet.
  1412 | D:2      | Found a sparkling altar of Nemelex Xobeh.
  1905 | D:3      | Reached XP level 5. HP: 31/31 MP: 5/5
  2356 | D:3      | Reached skill level 7 in Stealth
  2390 | D:3      | Reached XP level 6. HP: 26/36 MP: 6/6
  3374 | D:4      | Slain by a phantom

Action                   |  1- 3 |  4- 6 || total
-------------------------+-------+-------++-------
Melee: Dagger            |    20 |    60 ||    80
 Fire: Blowgun           |    41 |    52 ||    93
 Stab: Sleeping          |    11 |    21 ||    32
       Distracted        |       |     2 ||     2
  Eat: Chunk             |     9 |     6 ||    15
